 Dungeon Crawl Stone Soup version 0.28-b1-25-g9875b3fc8c (webtiles) character file.

Game seed: 17470999635876981195

30821 LustLizard the Carver (level 13, -5/177 HPs)
             Began as a Minotaur Berserker on Feb 2, 2022.
             Was an Elder of Trog.
             Slain by a 14-headed hydra (12 damage)
             ... on level 4 of the Lair of Beasts.
             The game lasted 00:39:09 (18349 turns).

LustLizard the Carver (Minotaur Berserker)         Turns: 18349, Time: 00:39:09

Health: -5/177     AC: 19    Str: 24    XL:     13   Next: 22%
Magic:  0/12       EV:  7    Int:  6    God:    Trog [****..]
Gold:   661        SH:  5    Dex: 11    Spells: 12/12 levels left

rFire   . . .      SeeInvis .   P - +1 broad axe (flame)
rCold   . . .      Faith    .   E - +0 buckler
rNeg    . . .      Spirit   +   b - +0 plate armour
rPois   +          Reflect  .   (helmet restricted)
rElec   .          Harm     .   Q - +0 cloak {rCorr}
rCorr   +          Rampage  .   g - +2 pair of gloves
Will    +....                   w - +0 pair of boots
Stlth   ..........              q - amulet of guardian spirit
HPRegen 0.39/turn               o - ring of poison resistance
MPRegen 0.13/turn               G - ring of willpower

@: berserking, very quick
A: horns 2, retaliatory headbutt
a: Renounce Religion, Berserk, Trog's Hand, Brothers in Arms


You were on level 4 of the Lair of Beasts.
You worshipped Trog.
Trog was greatly pleased with you.
You visited 2 branches of the dungeon, and saw 15 of its levels.

You collected 1054 gold pieces.
You spent 393 gold pieces at shops.

Inventory:

Hand Weapons
 r - the +10 long sword of Qennik {drain, Int+6}
   (You found it on level 3 of the Dungeon)

   A truly terrible weapon, it drains the life of any living foe it strikes.
   Int:       It affects your intelligence (+6).
 P - a +1 broad axe of flaming (weapon)
Missiles
 e - 635 stones (quivered)
 i - 3 curare-tipped darts
 v - 2 throwing nets
 y - 9 javelins
 F - 37 poisoned darts
Armour
 b - a +0 plate armour (worn)
 g - a +2 pair of gloves (worn)
 l - a +0 chain mail
 w - a +0 pair of boots (worn)
 E - a +0 buckler (worn)
 Q - a +0 cloak of preservation (worn)
Jewellery
 o - a ring of poison resistance (left hand)
 q - an amulet of guardian spirit (around neck)
 G - a ring of willpower (right hand)
 L - a ring of positive energy
Wands
 m - a wand of iceblast (4)
 A - a wand of flame (44)
 J - a wand of acid (9)
Scrolls
 f - 3 scrolls of magic mapping {unknown}
 h - 5 scrolls of teleportation
 j - a scroll of holy word {unknown}
 n - 3 scrolls of fog
 p - 2 scrolls of torment {unknown}
 t - 3 scrolls of blinking
 u - a scroll of amnesia {unknown}
 z - a scroll of noise {unknown}
 B - 2 scrolls of fear
 C - 3 scrolls of immolation
 D - 3 scrolls of vulnerability
 K - a scroll of brand weapon {unknown}
 M - 2 scrolls of enchant weapon
 N - a scroll of enchant armour
Potions
 a - a potion of cancellation
 c - 2 potions of mutation
 d - 3 potions of haste
 s - 8 potions of curing
 x - 4 potions of flight
 I - 2 potions of heal wounds
Miscellaneous
 k - a tin of tremorstones (2/2)


   Skills:
 + Level 12.1 Fighting
 - Level 14.0 Long Blades
 - Level 4.8 Axes
 * Level 10.8 Throwing
 * Level 8.4 Armour
 - Level 2.1 Dodging
 + Level 7.2 Shields
 * Level 8.6 Evocations


You had 12 spell levels left.
You didn't know any spells.
Your spell library was empty.

Dungeon Overview and Level Annotations

Branches:
Dungeon (11/15)            Temple (0/1) D:5            Lair (4/6) D:11
  Swamp (0/4) Lair:4        Snake (0/4) Lair:3          Orc (0/2) D:11

Altars:
Gozag
Hepliaklqana
Makhleb
Nemelex Xobeh
Qazlal
Sif Muna
Vehumet
Wu Jian
Yredelemnul

Shops:
D:6 [=:   D:7 (

Annotations:
Lair:4 Juirae's ghost, journeyman TrMo


Innate Abilities, Weirdness & Mutations

You have a pair of horns on your head.
You reflexively headbutt those who attack you in melee.


Message History

You barely miss the 14-headed hydra.
Your headbutt misses the 14-headed hydra.
The 14-headed hydra bites you.
* * * LOW HITPOINT WARNING * * *
The 14-headed hydra bites you.
* * * LOW HITPOINT WARNING * * *
You block the 14-headed hydra's attack. The 14-headed hydra bites you.
* * * LOW HITPOINT WARNING * * *
The 14-headed hydra bites you.
* * * LOW HITPOINT WARNING * * *
The 14-headed hydra bites you!
* * * LOW HITPOINT WARNING * * *
The 14-headed hydra bites you but does no damage. x3
The 14-headed hydra bites you.
* * * LOW HITPOINT WARNING * * *
The 14-headed hydra bites you but does no damage. x3
The 14-headed hydra completely misses you.
You barely miss the 14-headed hydra.
The 14-headed hydra bites you but does no damage.
The 14-headed hydra bites you!
* * * LOW HITPOINT WARNING * * *
The 14-headed hydra bites you!
* * * LOW HITPOINT WARNING * * *
The 14-headed hydra bites you.
* * * LOW HITPOINT WARNING * * *
The 14-headed hydra bites you but does no damage.
The 14-headed hydra bites you.
* * * LOW HITPOINT WARNING * * *
The 14-headed hydra bites you but does no damage. x3
The 14-headed hydra barely misses you. The 14-headed hydra bites you.
* * * LOW HITPOINT WARNING * * *
The 14-headed hydra barely misses you.
The 14-headed hydra bites you but does no damage.
The 14-headed hydra completely misses you.
You completely miss the 14-headed hydra.
You headbutt the 14-headed hydra!
The 14-headed hydra is lightly wounded.
The 14-headed hydra bites you but does no damage.
The 14-headed hydra bites you!
You die...

#.## ## #..# #### #..# #.#.
####..# ######.. #####..#..#
#.#..... ##.#..P<..####
#######§.....
..........[..########..##P§......
#...............>..#.....§§>§.P#.
#...##.......P#.@........§§§§..#.
....#.....>.≈≈≈.D........§§.##...
...###.P...≈≈≈≈≈≈.≈..............
...##.##P..≈≈≈≈≈≈≈...........#...
...#.....≈≈≈≈≈≈≈≈≈≈..(...........
..P.....≈≈≈≈≈≈..≈≈≈.......<...#..
..P.#.....≈≈≈.<≈≈≈≈≈............#
.#P.###..≈≈≈≈≈..≈≈≈..........##..
##### ##..≈≈≈≈≈≈≈≈≈.....#........


You could see a 14-headed hydra.

Vanquished Creatures
  Gastronok (D:11)
  Snorg (D:10)
  An ice dragon (Lair:4)
  4 hydras
  2 boulder beetles (Lair:2)
  Fannar (Lair:3)
  3 two-headed ogres
  6 death yaks
  Urug (Lair:3)
  Sonja (Lair:1)
  3 elephants (Lair:4)
  A gargoyle (D:7)
  2 black mambas
  4 cane toads
  A torpor snail (Lair:2)
  5 komodo dragons
  An unseen horror (D:11)
  A kobold demonologist (D:11)
  A rime drake (Lair:2)
  4 trolls
  A polar bear (Lair:1)
  4 blink frogs (Lair:4)
  Sigmund (D:6)
  2 vampires
  A wyvern (D:10)
  2 basilisks
  25 yaks
  An acid dragon (D:11)
  2 nagas (Lair:3)
  2 orc warriors
  9 water moccasins
  A swamp drake (D:11)
  An ice beast (D:7)
  A black bear (Lair:1)
  A necrophage (D:6)
  3 ogres
  10 wolves
  6 centaurs
  A phantom (D:6)
  5 kobold brigands
  Blork the orc (D:4)
  7 bullfrogs
  A gnoll sergeant (D:3)
  A scorpion (D:4)
  2 water moccasin skeletons
  5 killer bees (D:7)
  5 wights (D:9)
  2 howler monkeys
  2 jellies (D:6)
  2 bullfrog skeletons (D:5)
  3 centaur zombies
  A hound (D:5)
  6 orc priests
  A gnoll shaman (D:5)
  Ijyb (D:5)
  2 iguanas
  7 orc wizards
  2 killer bee zombies (D:7)
  A hound zombie (D:3)
  A howler monkey zombie (D:7)
  8 gnolls
  9 adders
  A howler monkey skeleton (D:3)
  A shadow imp (D:7)
  2 white imps (Lair:4)
  2 ufetubi
  A dart slug (D:2)
  26 orcs
  4 bats
  9 endoplasms
  A giant cockroach (D:1)
  7 goblins
  11 hobgoblins
  26 kobolds
  8 quokkas
  10 ball pythons
  6 frilled lizards
  A giant cockroach zombie (D:3)
  A quokka zombie (D:3)
  9 rats
319 creatures vanquished.

Vanquished Creatures (others)
  17 fungi
  21 plants
38 creatures vanquished.

Grand Total: 357 creatures vanquished

Notes
Turn   | Place    | Note
-------+----------+-------------------------------------------
     0 | D:1      | LustLizard the Minotaur Berserker began the quest for the
                  | Orb.
     0 | D:1      | Reached XP level 1. HP: 19/19 MP: 0/0
   250 | D:1      | Reached XP level 2. HP: 16/27 MP: 1/1
   478 | D:1      | Reached skill level 1 in Throwing
   591 | D:1      | Reached ** piety under Trog
   600 | D:1      | Reached XP level 3. HP: 32/33 MP: 2/2
  1967 | D:2      | Found a faded altar of an unknown god.
  2064 | D:3      | Reached XP level 4. HP: 40/40 MP: 3/3
  2105 | D:3      | Identified the +10 long sword of Qennik {drain, Int+6}
  2182 | D:3      | Reached skill level 1 in Long Blades
  2433 | D:3      | Reached *** piety under Trog
  2479 | D:3      | Found a basalt altar of Yredelemnul.
  2730 | D:3      | Reached skill level 2 in Long Blades
  2873 | D:3      | Noticed a gnoll sergeant
  2875 | D:3      | Reached XP level 5. HP: 47/47 MP: 4/4
  2882 | D:3      | Reached skill level 3 in Long Blades
  3140 | D:4      | Reached skill level 5 in Fighting
  3276 | D:4      | Reached skill level 4 in Long Blades
  3276 | D:4      | Reached XP level 6. HP: 46/56 MP: 3/5
  3348 | D:4      | Noticed Blork the orc
  3357 | D:4      | Killed Blork the orc
  3666 | D:4      | Found a radiant altar of Vehumet.
  4072 | D:5      | Entered Level 5 of the Dungeon
  4126 | D:5      | Reached skill level 5 in Long Blades
  4149 | D:5      | Reached XP level 7. HP: 55/62 MP: 4/6
  4191 | D:5      | Found an ornate altar of the Wu Jian Council.
  4221 | D:5      | Found a hazy altar of Hepliaklqana.
  4312 | D:5      | Found a stormy altar of Qazlal.
  4534 | D:5      | Noticed Ijyb
  4551 | D:5      | Killed Ijyb
  4552 | D:5      | Reached skill level 6 in Long Blades
  4643 | D:5      | Found a staircase to the Ecumenical Temple.
  4643 | D:5      | Noticed a troll
  4658 | D:5      | Killed a troll
  4659 | D:5      | Reached skill level 7 in Long Blades
  4659 | D:5      | Reached XP level 8. HP: 32/71 MP: 1/7
  4944 | D:5      | Found a shimmering blue altar of Sif Muna.
  5195 | D:6      | Noticed Sigmund
  5201 | D:6      | Killed Sigmund
  5202 | D:6      | Reached skill level 8 in Long Blades
  5202 | D:6      | Reached skill level 5 in Throwing
  5472 | D:6      | Found Suxi's Antique Armour Boutique.
  5697 | D:6      | Reached skill level 9 in Long Blades
  5710 | D:6      | Noticed a troll
  5716 | D:6      | Killed a troll
  5717 | D:6      | Reached XP level 9. HP: 60/81 MP: 5/8
  5892 | D:6      | Noticed a two-headed ogre
  5901 | D:6      | Killed a two-headed ogre
  5902 | D:6      | Reached skill level 10 in Long Blades
  6080 | D:6      | Found Relyze's Jewellery Boutique.
  6136 | D:6      | Found Fuz Fagorgh's Book Emporium.
  6349 | D:7      | Reached skill level 1 in Shields
  6373 | D:6      | Reached **** piety under Trog
  6534 | D:7      | Reached skill level 11 in Long Blades
  6867 | D:7      | Found Xeithugi's Hydra Hut.
  6870 | D:7      | Noticed a four-headed hydra
  7177 | D:7      | Noticed a gargoyle
  7188 | D:7      | Killed a gargoyle
  7189 | D:7      | Reached XP level 10. HP: 91/91 MP: 7/9
  7279 | D:7      | Found an opulent altar of Gozag.
  7747 | D:8      | Identified the +1 leather armour of Shielding {rF+}
  7791 | D:8      | Found a sparkling altar of Nemelex Xobeh.
  8066 | D:9      | Found a burning altar of Makhleb.
  8456 | D:9      | Reached skill level 1 in Evocations
  8586 | D:9      | Noticed a two-headed ogre
  8594 | D:9      | Killed a two-headed ogre
  8597 | D:9      | Reached skill level 5 in Shields
  8867 | D:10     | Entered Level 10 of the Dungeon
  9198 | D:10     | You fall into a shaft and drop 1 floor!
  9198 | D:11     | Noticed a two-headed ogre
  9206 | D:11     | Killed a two-headed ogre
  9207 | D:11     | Reached skill level 12 in Long Blades
  9620 | D:10     | Noticed Snorg
  9633 | D:10     | Killed Snorg
  9974 | D:11     | Reached XP level 11. HP: 34/99 MP: 4/10
 10297 | D:11     | Noticed Gastronok
 10323 | D:11     | Killed Gastronok
 10324 | D:11     | Reached skill level 10 in Fighting
 10559 | D:11     | Found a staircase to the Lair.
 10559 | D:11     | Noticed a death yak
 10559 | D:11     | Noticed a death yak
 10559 | D:11     | Noticed a death yak
 10571 | D:10     | Killed a death yak
 10640 | D:11     | Noticed a death yak
 10640 | D:11     | Noticed a death yak
 10640 | D:11     | Noticed a death yak
 10665 | D:11     | Killed a death yak
 10673 | D:11     | Killed a death yak
 10674 | D:11     | Reached skill level 13 in Long Blades
 10675 | D:11     | Killed a death yak
 10676 | D:11     | Reached skill level 5 in Evocations
 10676 | D:11     | Killed a death yak
 10677 | D:11     | Killed a death yak
 11231 | D:11     | Found a staircase to the Orcish Mines.
 11509 | Lair:1   | Entered Level 1 of the Lair of Beasts
 11528 | Lair:1   | Noticed an eight-headed hydra
 11611 | D:7      | Bought a +1 broad axe of flaming for 213 gold pieces
 11644 | D:6      | Bought a glowing cloak for 180 gold pieces
 11766 | Lair:1   | Killed a five-headed hydra
 12011 | Lair:1   | Reached XP level 12. HP: 71/108 MP: 8/11
 12235 | Lair:1   | Noticed a four-headed hydra
 12279 | D:11     | Killed a one-headed hydra
 12280 | D:11     | Reached skill level 14 in Long Blades
 12592 | Lair:1   | Noticed Sonja
 12600 | Lair:1   | Killed Sonja
 13400 | Lair:2   | Noticed a boulder beetle
 13413 | Lair:2   | Killed a boulder beetle
 13414 | Lair:2   | Reached skill level 5 in Armour
 13573 | Lair:2   | Reached ***** piety under Trog
 14402 | Lair:2   | Noticed a boulder beetle
 14415 | Lair:2   | Killed a boulder beetle
 14779 | Lair:3   | Reached skill level 10 in Throwing
 14847 | Lair:3   | Received a gift from Trog
 15042 | Lair:3   | Found a staircase to the Snake Pit.
 15422 | Lair:3   | Noticed Urug
 15439 | Lair:3   | Killed Urug
 15813 | Lair:3   | Noticed a four-headed hydra
 15823 | Lair:3   | Killed a one-headed hydra
 15930 | Lair:3   | Noticed Fannar
 15943 | Lair:3   | Noticed an eight-headed hydra
 15948 | Lair:3   | Killed Fannar
 16447 | Lair:4   | Found a staircase to the Swamp.
 16481 | Lair:4   | Reached XP level 13. HP: 46/117 MP: 4/12
 17775 | Lair:4   | Found a runed translucent gate.
 17776 | Lair:4   | Found a runed translucent gate.
 17776 | Lair:4   | Found a runed translucent gate.
 17778 | Lair:4   | Noticed Juirae's ghost (journeyman TrMo)
 18348 | Lair:4   | HP: 7/177 [14-headed hydra (6)]
 18349 | Lair:4   | Slain by a 14-headed hydra

Illustrated notes

Levels and vault maps discovered:
D:1:      dpeg_arrival_central, layout_basic, supply_closet_lemuel,
          minmay_tall_x
D:2:      layout_basic, hellmonk_ecumenical_altar_prayer_group,
          nrook_mini_vaults
D:3:      layout_basic, nicolae_yredelemnul_corpse_copse
D:4:      nicolae_cairo_tiling_large_dashed, layout_cave_pods, vehumet_crystals,
          chequers_serial_rivers_small_a, uniq_blork_the_orc
D:5:      layout_rooms, nicolae_sif_muna_condensation,
          mainiacjoe_overflow_paths, nicolae_overflow_squiral,
          minmay_temple_entry_crystal_x, uniq_ijyb
D:6:      layout_loops_cross, serial_shops, nicolae_inconvenience_store,
          nicolae_shop_hallway_plus, shop, kb_rosetta, uniq_sigmund
D:7:      layout_gridville, nicolae_gozag_cash_rules_everything_around_me,
          minmay_statues_item, doesnt_shop_hydraphobe
D:8:      layout_cave_pools, nemelex_spade_bored_becter
D:9:      layout_irregular_city, overflow_temple_1_default,
          hangedman_abyss_or_decor_lesser_grid
D:10:     layout_cross, uniq_snorg
D:11:     layout_roguey, dpeg_lair_monsters, erik_orc_1, uniq_gastronok
Lair:1:   layout_regular_city, infiniplex_staircase_pool, grunt_megastairs_5,
          uniq_sonja
Lair:2:   layout_regular_city, beast_lair_carwin_1
Lair:3:   layout_loops_ring, guppyfry_snake_entry_garden, uniq_fannar, uniq_urug
Lair:4:   layout_misc_corridors, swamp_mist, gammafunk_ghost_hydra_chop,
          bobbens_ice_dragon_lair, infiniplex_staircase_pool_2

Skill      XL: |  1  2  3  4  5  6  7  8  9 10 11 12 13 |
---------------+----------------------------------------+-----
Axes           | 4 |  4.8
Throwing       | 1 2 3 4 5 7 8 10 | 10.8
Fighting       | 4 5 6 7 9 10 11 12 | 12.1
Long Blades    | 2 4 5 7 9 11 12 13 14 | 14.0
Shields        | 3 6 7 |  7.2
Evocations     | 3 6 8 |  8.6
Armour         | 3 7 8 |  8.4
Dodging        | |  2.1

Action                   |  1- 3 |  4- 6 |  7- 9 | 10-12 | 13-15 || total
-------------------------+-------+-------+-------+-------+-------++-------
Melee: Hand axe          |   107 |       |       |       |       ||   107
       Headbutt          |    11 |    10 |    17 |    85 |    23 ||   146
       Punch             |     1 |     2 |     2 |     2 |       ||     7
       Long sword        |       |    56 |   150 |   411 |    79 ||   696
       Broad axe         |       |       |       |    13 |     9 ||    22
Throw: Stone             |    17 |    43 |    72 |   155 |    11 ||   298
       Javelin           |       |       |     3 |       |       ||     3
       Dart              |       |       |       |     6 |       ||     6
Invok: Trog's Hand       |       |     1 |     3 |       |       ||     4
       Berserk           |       |       |     3 |     8 |     2 ||    13
Evoke: Wand              |       |       |       |     6 |       ||     6
  Use: Scroll            |       |     5 |     3 |     9 |     2 ||    19
       Potion            |       |       |       |       |     1 ||     1
Armor: Animal skin       |    20 |       |       |       |       ||    20
       Ring mail         |    17 |    25 |       |       |       ||    42
       Chain mail        |       |       |   113 |   135 |       ||   248
       Plate armour      |       |       |       |   126 |    92 ||   218
Dodge: Dodged            |    56 |    38 |    58 |   158 |    30 ||   340
Block: Buckler           |       |       |       |    53 |    20 ||    73
